 Dungeon Sprint DCSS version 0.30-a0-534-gdc55766716 (webtiles) character file.

Game seed: 17432542521363419190

80 rocky1 the Trooper (level 4, -3/67 HPs)
             Began as a Minotaur Fighter on Dec 25, 2022.
             Drowned by a water elemental (7 damage)
             ... in the Dungeon (Sprint III: "The Ten Rune Challenge").
             The game lasted 00:00:31 (161 turns).

rocky1 the Trooper (Minotaur Fighter)                Turns: 161, Time: 00:00:32

Health: -3/67      AC:  7    Str: 21    XL:     4   Next: 18%
Magic:  3/3        EV:  9    Int:  5    God:
Gold:   9          SH:  5    Dex: 11    Spells: 3/3 levels left

rFire   . . .      SeeInvis .    a - +0 flail
rCold   . . .      Faith    .    c - +0 buckler
rNeg    . . .      Spirit   .    b - +0 scale mail
rPois   .          Reflect  .    (helmet restricted)
rElec   .          Harm     .    (no cloak)
rCorr   .          Rampage  .    (no gloves)
Will    .....      NoTele   +    (no boots) Stlth
                                 (no amulet)
HPRegen 0.31/turn                (no ring)
MPRegen 0.08/turn                (no ring)

@: berserking, engulfed (cannot breathe), very quick
A: horns 2, retaliatory headbutt
a: no special abilities


You were in the Dungeon.
You visited 1 branch You collected 9 gold pieces.

Inventory:

Hand Weapons
 a - a +0 flail (weapon)
Armour
 b - a +0 scale mail (worn)
 c - a +0 buckler (worn)
Scrolls
 j - a scroll of blinking
Potions
 d - a potion of might
 e - a potion of curing
 f - a potion of heal wounds
 g - a potion of haste
 h - 2 potions of magic
 i - a potion of berserk rage


   Skills:
 + Level 6.6 Fighting
 + Level 4.6 Maces & Flails
 + Level 6.3 Armour
 + Level 0.8 Dodging
 + Level 5.8 Shields


You had 3 spell levels left.
You didn't know any spells.
Your spell library was empty.

Dungeon Overview and Level Annotations

Branches:
Dungeon (1/1)

Altars:


Innate Abilities, Weirdness & Mutations

You have a pair of horns on your head.
You reflexively headbutt those who attack you in melee.


Message History

You block the scorpion's attack.
You hit the scorpion.
You kill the scorpion!
Your Fighting skill increases to level 6!
Your Maces & Flails skill increases to level 4!
Your Armour skill increases to level 6!
Your Shields skill increases to level 5!
You have reached level 3!
Your experience leads to an increase in your attributes!
Increase (S)trength, (I)ntelligence, or (D)exterity?
You feel agile. x2
You have reached level 4!
You feel stronger.
You open the door.
A water elemental comes into view.
You closely miss the water elemental.
You headbutt the water elemental, but do no damage.
The water elemental hits you!
The water elemental engulfs you in water!
The water elemental hits you!
You hit the water elemental but do no damage.
Your lungs strain for air!
The water elemental hits you.
A red film seems to cover your vision as you go berserk!
You feel yourself moving faster!
You feel mighty!
Your lungs strain for air!
The water elemental hits you!
* * * LOW HITPOINT WARNING * * *
You hit the water elemental.
The water elemental is lightly damaged.
* * * LOW HITPOINT WARNING * * *
Your lungs strain for air!
You thump the water elemental! You headbutt the water elemental.
The water elemental is severely damaged.
* * * LOW HITPOINT WARNING * * *
Your lungs strain for air!
The water elemental completely misses you.
You completely miss the water elemental.
The water elemental is severely damaged.
You die...

▓▓▓ ▓▓▓▓▓▓ ▓▓▓ <.#
+.....♣♣ ♣.# ..#
#......♣ ♣.#
#'####....♣.♣ ♣.#
.....#....~.♣♣♣♣.# #+#+#
.....#...~~....♣.#......
.....#..~~~~♣..♣@E.⌠....
####'#..~≈≈~†~.♣.#...###
...††#.~~≈~~~....# ⌠.#
.....#.~≈~~~.....# .#
.....#.~~~.......# #
'#####...........#
...........†.....#
▓▓▓▓▓▓▓▓▓▓▓▓▓▓▓▓▓▓


You could see a water elemental.

Vanquished Creatures
  A scorpion (D)
  A human (D)
  2 endoplasms (D)
  2 rats (D)
6 creatures vanquished.

Notes
Turn   | Place    | Note
-------+----------+-------------------------------------------
     0 | D        | rocky1 the Minotaur Fighter began the quest for the Orb.
     0 | D        | Reached XP level 1. HP: 19/19 MP: 0/0
    61 | D        | Reached skill level 5 in Fighting
    61 | D        | Reached skill level 5 in Armour
    61 | D        | Reached XP level 2. HP: 11/29 MP: 1/1
   135 | D        | Noticed a scorpion
   144 | D        | Killed a scorpion
   145 | D        | Reached skill level 5 in Shields
   145 | D        | Reached XP level 3. HP: 38/38 MP: 2/2
   145 | D        | Reached XP level 4. HP: 45/45 MP: 3/3
   154 | D        | Noticed a water elemental
   160 | D        | HP: 3/67 [drowned by a water elemental (6)]
   161 | D        | Drowned by a water elemental

Illustrated notes

Levels and vault maps discovered:
D:        dungeon_sprint_mu [sprint_mu_entry_forest, sprint_mu_temple_rooms,
          sprint_mu_d1_spiders, sprint_mu_d2_genie, sprint_mu_d3_branching,
          sprint_mu_orc_legion, sprint_mu_elf_gauntlet, sprint_mu_hive_nellie,
          sprint_mu_lair_fedhas, sprint_mu_vaults_butterflies,
          sprint_mu_slime_circle, sprint_mu_swamp_cave, sprint_mu_shoals_kraken,
          sprint_mu_blade_basic, sprint_mu_crypt_lich, sprint_mu_tomb_spiral,
          sprint_mu_vestibule_basic, sprint_mu_gehenna_hellfire,
          sprint_mu_dis_giant, sprint_mu_tartarus_statrot,
          sprint_mu_cocytus_islands, sprint_mu_zot1]

Skill      XL: |  1  2 |
---------------+-------+-----
Fighting       | 5 6 |  6.6
Armour         | 5 6 |  6.3
Shields        | 4 5 |  5.8
Maces & Flails | 3 4 |  4.6
Dodging        | |  0.8

Action                   |  1- 3 |  4- 6 || total
-------------------------+-------+-------++-------
Melee: Flail             |    21 |     5 ||    26
       Headbutt          |     4 |     2 ||     6
  Use: Potion            |       |     1 ||     1
Armor: Scale mail        |     7 |     1 ||     8
Dodge: Dodged            |     8 |     1 ||     9
Block: Buckler           |     4 |       ||     4

Table legend: (Time is in decaauts)
 A = Elapsed time spent in this place.
 B = Non-inter-level travel time spent in this place.
 C = Inter-level travel time spent in this place.
 D = Time resting spent in this place.
 E = Time spent auto-exploring this place.
 F = Levels seen in this place.
 G = Mean time per level.
                   A        B        C        D        E       F      G
               +--------+--------+--------+--------+--------+-----+--------+
         Total |    167 |    167 |      0 |     72 |     44 |   1 |  167.0 |
       Dungeon |    167 |    167 |      0 |     72 |     44 |   1 |  167.0 |
               +--------+--------+--------+--------+--------+-----+--------+

Top non-repeatable levels by time:
       D: 167 daAuts
